Map: Ice and Chrome LE

Players

SortOf - Winner!

  • Race: Zerg Zerg
  • League: Grandmaster
  • Spawn Location: 7:00

goblin

  • Race: Protoss Protoss
  • League: Master
  • Spawn Location: 1:00

Event: DreamHack SC2 Masters 2020 Summer Europe

VOD

Have the link to the VOD?

Description

Time

  • Played on: July 1, 2020, 12:01 p.m.
  • Length: 11:59

All games in this series

Show
View Real Time Build Order
Export as new Build Order

SortOf Zerg - Winner!

Build Orders: Hatch First 

Get SALT Encoding   

  12  0:00  Drone  
  13  0:12  Overlord  
  13  0:16  Drone  
  14  0:30  Drone x2  
  16  0:47  Hatchery  
  15  0:51  Drone  
  15  0:55  Drone  
  17  0:58  Drone  
  18  1:09  Extractor  
  17  1:13  Spawning Pool  
  17  1:16  Drone  
  17  1:19  Drone  
  18  1:40  Drone x2  
  20  2:01  Zergling x6  
  23  2:03  Spine Crawler  
  21  2:16  Queen  
  21  2:18  Queen  
  25  2:27  Overlord  
  25  2:29  Drone  
  26  2:36  Drone  
  27  2:37  Drone  
  28  2:47  Drone x3  
  31  2:55  Drone x2  
  33  3:01  Overlord  
  33  3:08  Queen  
  35  3:13  Drone  
  35  3:17  Metabolic Boost  
  36  3:23  Queen  
  38  3:28  Zergling x4  
  38  3:34  Overlord  
  40  3:39  Zergling x4  
  42  3:45  Queen  
  42  3:46  Overlord  
  44  3:49  Overlord  
  44  3:59  Zergling x4, Queen  
  48  4:07  Drone x2  
  50  4:12  Zergling x2  
  51  4:21  Queen  
  52  4:28  Zergling x8  
  54  4:34  Queen  
  54  4:35  Overlord  
  56  4:44  Overlord  
  56  4:50  Zergling x8  
  57  4:56  Queen, Zergling x4  
  58  5:08  Zergling x10  
  58  5:10  Zergling x6  
  62  5:17  Queen  
  61  5:24  Hatchery  
  61  5:27  Zergling x2  
  61  5:33  Zergling x6  
  57  5:39  Zergling x2  
  53  5:45  Zergling x2  
  49  5:50  Queen  
  49  5:53  Zergling x12  
  56  6:00  Queen  
  56  6:03  Zergling x4  
  59  6:08  Zergling x4  
  61  6:14  Zergling x2  
  62  6:24  Zergling x8  
  58  6:30  Queen  
  57  6:35  Zergling x8, Baneling Nest  
  60  6:40  Queen  
  60  6:44  Zergling x2  
  63  6:52  Zergling x8  
  61  6:56  Zergling x2  
  61  6:58  Drone x2  
  64  7:05  Zergling x6  
  67  7:16  Zergling x10  
  72  7:24  Baneling x8  
  72  7:25  Baneling  
  72  7:28  Zergling x2  
  73  7:31  Zergling x2  
  72  7:38  Queen  
  72  7:41  Zergling x2  
  74  7:47  Zergling x2  
  74  7:49  Zergling x8  
  73  7:52  Zergling x2  
  73  7:53  Zergling x2  
  73  7:56  Zergling x2  
  75  8:02  Zergling x2  
  75  8:05  Zergling x2  
  76  8:07  Zergling x2  
  76  8:10  Zergling x6  
  76  8:11  Zergling x2  
  73  8:14  Zergling x2  
  73  8:16  Zergling x2  
  73  8:20  Zergling x2  
  73  8:24  Zergling x2  
  75  8:28  Zergling x2  
  76  8:37  Queen  
  76  8:39  Zergling x2  
  79  8:44  Queen  
  74  8:50  Zergling x6  
  71  9:00  Zergling x4, Spawning Pool  
  71  9:11  Overlord  
  71  9:12  Drone  
  60  9:34  Extractor x2  
  60  9:35  Drone  
  60  9:36  Drone x3  
  61  9:46  Hatchery  
  61  9:51  Zergling x6  
  63  9:53  Queen  
  63  9:54  Queen  
  63  9:57  Zergling x2  
  63  9:59  Zergling x6  
  71  10:04  Zergling x6  
  72  10:20  Drone x4  
  74  10:22  Roach Warren  
  72  10:29  Drone x3  
  75  10:36  Drone x2  
  75  10:40  Spore Crawler  
  76  10:43  Queen  
  76  10:46  Drone  
  76  10:47  Drone  
  80  10:55  Zergling x4  
  81  11:00  Zergling x4  
  81  11:03  Roach x2  
  87  11:13  Roach x4  
  87  11:17  Roach  
  96  11:25  Ravager x2  
  96  11:28  Overlord x2  
  96  11:35  Ravager  
  97  11:48  Ravager  
Show
View Real Time Build Order
Export as new Build Order

goblin Protoss 

Build Orders:  

Get SALT Encoding   

  12  0:00  Probe  
  13  0:12  Probe  
  14  0:17  Pylon  
  14  0:23  Probe  
  15  0:32  Probe  
  15  0:37  Gateway  
  15  0:40  Probe  
  16  0:46  Assimilator  
  17  0:51  Probe  
  18  0:59  Forge  
  18  1:04  Probe  
  19  1:17  Pylon  
  19  1:27  Cybernetics Core  
  19  1:37  Photon Cannon  
  19  1:40  Pylon  
  19  1:42  Probe  
  20  1:47  Pylon  
  20  1:58  Photon Cannon  
  20  2:03  Pylon  
  20  2:18  Probe  
  20  2:26  Shield Battery  
  20  2:27  Robotics Facility  
  20  2:32  Shield Battery  
  20  2:37  Robotics Facility  
  20  2:47  Photon Cannon  
  20  2:52  Shield Battery  
  20  3:02  Warp Gate  
  20  3:03  Probe  
  21  3:12  Warp Prism  
  21  3:19  Photon Cannon  
  23  3:29  Shield Battery  
  23  3:37  Immortal  
  23  3:40  Photon Cannon  
  23  3:41  Shield Battery  
  27  4:05  Immortal, Assimilator  
  27  4:07  Pylon  
  31  4:38  Immortal  
  31  4:41  Pylon  
  35  4:49  Pylon  
  35  5:12  Immortal  
  39  5:23  Photon Cannon  
  39  5:24  Shield Battery  
  33  5:47  Warp Prism  
  31  5:57  Gateway  
  31  6:11  Sentry  
  31  6:13  Gateway  
  31  6:14  Immortal  
  37  6:33  Photon Cannon  
  37  6:39  Sentry  
  39  6:42  Shield Battery  
  39  6:54  Shield Battery  
  39  7:06  Immortal  
  43  7:23  Stalker  
  45  7:33  Sentry  
  47  7:44  Pylon  
  41  8:05  Sentry, Zealot  
  35  8:19  Nexus  
  25  9:38  Probe  
  26  9:46  Probe  
  27  9:59  Probe  
  28  10:08  Observer  
  29  10:18  Observer  
  29  10:42  Observer  
  29  11:02  Assimilator  
  29  11:17  Probe  
  29  11:25  Probe  
  31  11:37  Probe  
Tags
 
Add a new tag
Caveats
  • Supply blocks, unpowered buildings, or Contaminate may cause inaccurate times.
  • Supply counts are checked every 10 seconds.